 Dungeon Crawl Stone Soup version bcrawl-1.23 (webtiles) character file.

Game seed: 14069048549560948667

46 Morbidden the Sneak (level 3, -3/17 HPs)
             Began as a Spriggan Archaeologist on May 27, 2020.
             Slain by Robin
             ... wielding a +0 short sword
              (5 damage)
             ... on level 2 of the Dungeon.
             The game lasted 00:05:00 (1961 turns).

Morbidden the Sneak (Spriggan Archaeologist)        Turns: 1961, Time: 00:05:01

Health: -3/17      AC:  4    Str:  7    XL:     3   Next: 44%
Magic:  4/4        EV: 20    Int: 16    God:
Gold:   73         SH:  0    Dex: 14    Spells: 2/2 levels left

rFire    . . .     SeeInvis +   a - +0 dagger
rCold    . . .     Gourm    .   (shield restricted)
rNeg     . . .     Faith    .   b - +1 robe
rPois    .         Spirit   .   c - +1 hat
rElec    .         Reflect  .   (no cloak)
rCorr    .         Harm     .   (gloves unavailable)
MR       .....                  (boots unavailable)
Stlth    +++.......             (no amulet)
HPRegen  0.05/turn              (no ring)
MPRegen  0.09/turn              (no ring)

@: very quick
A: very small, unfitting armour, see invisible, herbivore, speed 3, slow
metabolism 2
a: no special abilities


You were on level 2 of the Dungeon.
You were not hungry.

You visited 1 branch of the dungeon, and saw 2 of its levels.

You collected 73 gold pieces.

Inventory:

Hand Weapons
 a - a +0 dagger (weapon)
 o - a +0 whip
 s - a +0 rapier
Armour
 b - a +1 robe (worn)
 c - a +1 hat (worn)
 d - a +1 robe
Jewellery
 k - an uncursed ring of fire
Scrolls
 g - a scroll of magic mapping
 i - 2 scrolls of identify {unknown}
 j - 2 scrolls of immolation {unknown}
 m - 2 scrolls of teleportation {unknown}
 p - a scroll of amnesia {unknown}
Potions
 h - a potion of degeneration {unknown}
 l - a potion of heal wounds {unknown}
 n - a potion of flight {unknown}
 q - a potion of magic {unknown}
 r - a potion of haste {unknown}
Miscellaneous
 f - a dusty tome
Comestibles
 e - 7 rations {!d}


   Skills:
 + Level 0.7 Fighting
 * Level 1.0 Short Blades
 - Level 0.6 Maces & Flails
 + Level 5.7 Dodging
 + Level 5.7 Stealth


You had 2 spell levels left.
You didn't know any spells.
Your spell library was empty.

Dungeon Overview and Level Annotations

Branches:
Dungeon (2/12)

Altars:
Cheibriados

Annotations:
D:2 Robin, Sigmund


Innate Abilities, Weirdness & Mutations

You are very small and have problems with some larger weapons.
You are too small for most types of armour.
You have supernaturally acute eyesight. (SInv)
You are a herbivore.
You cover ground extremely quickly.
You need to consume almost no food.


Message History

Robin is heavily wounded.
Robin says, "A pitiful Spriggan like you will never find the ORB!"
Robin hits you but does no damage.
You barely miss Robin.
Robin is heavily wounded.
Robin hits you but does no damage.
You barely miss Robin.
Robin is heavily wounded.
Robin closely misses you.
You hit Robin but do no damage.
Robin is heavily wounded.
Robin misses you.
You closely miss Robin.
Robin is heavily wounded.
Robin hits you with a +0 short sword!
* * * LOW HITPOINT WARNING * * *
You hit Robin.
Robin is heavily wounded.
Robin hits you with a +0 short sword.
You die...

### #.###### #.g..).#
#.####.# #.#
#g################# #.#
#.@................
#.######################
#.g..g)gg.g.g..
#..############ #..#
#..# #..# ### ....
..#### ##..#


You could see Robin.

Vanquished Creatures
  2 oozes (D:1)
  5 leopard geckos
  A giant cockroach (D:1)
  4 hobgoblins
  3 kobolds
  A quokka (D:1)
  2 bats (D:1)
  2 frilled lizards
  8 goblins
  3 rats
31 creatures vanquished.

Notes
Turn   | Place    | Note
-------+----------+-------------------------------------------
     0 | D:1      | Morbidden the Spriggan Archaeologist began the quest for
                  | the Orb.
     0 | D:1      | Reached XP level 1. HP: 9/9 MP: 2/2
    45 | D:1      | Reached skill level 5 in Stealth
   168 | D:1      | Reached skill level 5 in Dodging
   168 | D:1      | Reached XP level 2. HP: 13/14 MP: 3/3
   727 | D:1      | Found a snail-covered altar of Cheibriados.
   945 | D:2      | Reached XP level 3. HP: 17/17 MP: 4/4
  1260 | D:2      | Noticed Sigmund
  1889 | D:2      | Noticed Robin
  1949 | D:2      | Reached skill level 1 in Short Blades
  1961 | D:2      | Slain by Robin

Skill      XL: |  1  2  3 |
---------------+----------+-----
Stealth        | 5 |  5.7
Dodging        | 5 |  5.7
Short Blades   | 1 |  1.0
Fighting       | |  0.7
Maces & Flails | |  0.6

Action                   || total
-------------------------++-------
Melee: Whip              ||    27
       Dagger            ||   160
 Stab: Sleeping          ||     9
Armor: Robe              ||    26
Dodge: Dodged            ||   159
